AoeStats
← JesseW

Oasis

508710282Analyzed
2v2 RM · 8d ago on Sep 23, 2026· 19m 33s· 4 players
Game mode
Random Map
Map size
Medium (4 player)
Population
200
Speed
Normal
Resources
Standard
Victory
Conquest
Starting age
Dark Age
Ending age
Imperial Age
RankedLock teamsTeams togetherTeam positionsShared explorationLock speedFull tech treeHidden civsTurbo modeCheats
Victory
Defeat
🇳🇱 Sicilians · Netherlands
1149
+16
🇳🇱 Khmer · Netherlands
1141
+16
🇩🇪 Khitans · Germany
1156
-16
🇩🇪 Inca · Germany
1151
-16
CHAMPIONLOSER
10:41 Feudal Age
13:46 Castle Age
14:40 Husbandry
18:54 Bloodlines
JesseW
8:48 Loom
prodigy78
5:34 Loom
12:34 Feudal Age
Cefrax
6:21 Loom
11:16 Feudal Age
Connection lost

Rejoining the realm…

Still unreachable

The connection could not be restored.

Session expired

The server has moved on; the page needs a fresh start.